cohdb
Replays
Latest Replays
All Replays
Popular Replays
Top Player Replays
Match Explorer
How It Works
Community
CoH3 Stats
Reddit
Sign in to upload your games and track your stats! →
Sign in with Steam
Match 45328636
Unlisted
Match 45328636
Overview
Messages
Build Orders
End
Pioneer Squad
Construct Infanterie Kompanie
Construct Infanterie Kompanie
Selects Terror Battlegroup
Selects Machine Gun Camouflage
MG 42 Machine Gun Team
GrW 34 Mortar Team
Grenadier Squad
Medical Station
Construct Panzergrenadier Kompanie
Construct Panzergrenadier Kompanie
251 Medium Carrier
Panzergrenadier Squad
Selects Defend the Fatherland
Medical Bunker
Pak 40 Anti-tank Gun Team
Construct Panzer Kompanie
251 Medium Carrier
Pak 40 Anti-tank Gun Team
Sturmpanzer IV Brummbär
Panzergrenadier Squad
Pak 40 Anti-tank Gun Team
Pioneer Squad
Selects King Tiger Heavy Tank
King Tiger Heavy Tank
Panzer Officer Quarters
Selects Interrogate
Stoßtruppen Squad
Selects Jericho Trumpet
Selects V1 Rocket Strike
Pak 40 Anti-tank Gun Team
CombatRoad
북닥의신
Olg
rocketpossum
0
0
Comments
sign in to comment!
No comments posted yet!